 Dungeon Crawl Stone Soup version 0.29-a0-340-g6efceafd81 (webtiles) character file.

Game seed: 533137295725405340

222 bande the Skirmisher (level 5, -9/33 HPs)
             Began as a Gargoyle Fighter on Apr 19, 2022.
             Mangled by an ogre
             ... wielding a +0 giant club
              (17 damage)
             ... on level 4 of the Dungeon.
             The game lasted 00:06:03 (3855 turns).

bande the Skirmisher (Gargoyle Fighter)             Turns: 3855, Time: 00:06:04

Health: -9/33      AC: 12    Str: 20    XL:     5   Next: 99%
Magic:  5/5        EV:  9    Int:  8    God:
Gold:   206        SH:  5    Dex: 11    Spells: 4/4 levels left

rFire   . . .      SeeInvis .   a - +0 war axe
rCold   . . .      Faith    .   c - +1 buckler
rNeg    + . .      Spirit   .   b - +0 scale mail
rPois   ∞          Reflect  .   (no helmet)
rElec   +          Harm     .   h - +0 cloak
rCorr   .          Rampage  .   (no gloves)
Will    .....      Clarity  +   (no boots)
Stlth   ..........              (no amulet)
HPRegen 0.11/turn               (no ring)
MPRegen 0.09/turn               (no ring)

@: mighty
A: sickness immunity, AC +4, negative energy resistance 1, electricity
resistance, torment resistance 1, petrification resistance, claws 1, clarity
a: no special abilities


You were on level 4 of the Dungeon.
You visited 1 branch of the dungeon, and saw 4 of its levels.

You collected 206 gold pieces.

Inventory:

Hand Weapons
 a - a +0 war axe (weapon)
 n - a +0 flail
Missiles
 j - a throwing net (quivered)
Armour
 b - a +0 scale mail (worn)
 c - a +1 buckler (worn)
 h - a +0 cloak (worn)
Jewellery
 m - a ring of protection from cold
Wands
 l - a wand of digging (2)
Scrolls
 g - 2 scrolls of identify
 i - 2 scrolls of fog
 p - a scroll of magic mapping
Potions
 d - a potion of might
 e - a potion of mutation
 f - a potion of brilliance
 k - 3 potions of heal wounds
 o - a potion of curing
 q - a potion of magic


   Skills:
 + Level 4.1 Fighting
 + Level 3.8 Axes
 + Level 4.1 Armour
 - Level 0.4 Dodging
 + Level 4.0 Shields
 * Level 1.0 Evocations


You had 4 spell levels left.
You didn't know any spells.
Your spell library contained the following spells:

 Spells                   Type           Power      Damage    Failure   Level
 Corpse Rot               Necr/Air       0%         N/A       94%         2
 Ensorcelled Hibernation  Hex/Ice        0%         N/A       94%         2
 Passwall                 Tmut/Erth      0%         N/A       94%         2
 Poisonous Vapours        Pois/Air       0%         N/A       94%         2
 Spider Form              Tmut/Pois      0%         N/A       99%         3
 Swiftness                Air            0%         N/A       99%         3
 Anguish                  Hex/Necr       0%         N/A       100%        4
 Olgreb's Toxic Radiance  Pois           0%         N/A       100%        4
 Ozocubu's Refrigeration  Ice            0%         4d5       100%        7
 Ignition                 Fire           0%         3d3       100%        8


Dungeon Overview and Level Annotations

Branches:
Dungeon (4/15)
 Temple: D:4-7

Altars:
Gozag
Zin
The Shining One

Shops:
D:3 (


Innate Abilities, Weirdness & Mutations

You are immune to sickness and miasma.
Your stone body is resilient. (AC +4)
You are immune to poison.
You resist negative energy. (rN+)
You are resistant to electric shocks. (rElec)
You are resistant to unholy torment.
You are immune to petrification.
You have sharp fingernails.
You possess an exceptional clarity of mind.


Message History

The endoplasm hits you but does no damage.
You hit the endoplasm but do no damage.
The endoplasm is heavily wounded.
The endoplasm freezes you.
You are frozen.
You barely miss the endoplasm.
The endoplasm is heavily wounded.
You block the endoplasm's attack. The endoplasm freezes you.
You are frozen.
You slash the endoplasm!
You kill the endoplasm!
Your Evocations skill increases to level 1!
You start resting.
You start resting.
HP restored.
You start waiting.
Done waiting.
There is a stone staircase leading down here.
You feel very mighty all of a sudden.
You climb downwards.
The orc barely misses you. The ogre barely misses you.
The orc hits you but does no damage.
There is a stone staircase leading up here.
Unknown command.
You slash the ogre!
The ogre is moderately wounded.
You closely miss the orc. You slash the orc!
You kill the orc!
The orc hits you with a +1 whip of venom.
The ogre hits you with a +0 giant club! The orc barely misses you.
You slash the ogre!
The ogre is severely wounded.
You slash the orc!
You kill the orc!
The orc priest invokes the aid of Beogh against you.
Beogh smites you!
* * * LOW HITPOINT WARNING * * *
The ogre hits you with a +0 giant club!
Ouch! That really hurt!
You die...

.......#..........
....≈###..............
....≈..#...........<..
##≈.................
#≈≈................
..####≈.$...............
......≈........#........
....#.≈........)O.......
. . #.....o.....@##
...............)..#
##..#....####.....#
#........ ....#....
#.#...#.....##.......
##.......### ###>...
...#.#. ... .# ...


You could see an ogre and an orc priest.

Vanquished Creatures
  2 orc wizards (D:3)
  A gnoll (D:2)
  4 adders
  A white imp (D:4)
  3 worms
  2 dart slugs
  14 orcs
  4 ball pythons
  5 endoplasms
  2 giant cockroaches
  7 goblins
  7 hobgoblins
  11 jackals
  7 kobolds
  4 quokkas
  4 bats
  6 frilled lizards
  7 rats
91 creatures vanquished.

Notes
Turn   | Place    | Note
-------+----------+-------------------------------------------
     0 | D:1      | bande the Gargoyle Fighter began the quest for the Orb.
     0 | D:1      | Reached XP level 1. HP: 14/14 MP: 1/1
    70 | D:1      | Reached XP level 2. HP: 14/19 MP: 2/2
   573 | D:1      | Reached XP level 3. HP: 18/24 MP: 3/3
  1210 | D:2      | Found a faded altar of an unknown god.
  1324 | D:2      | Gained mutation: You possess an exceptional clarity of
                  | mind. [potion of mutation]
  1324 | D:2      | Gained mutation: You have sharp fingernails. [potion of
                  | mutation]
  1403 | D:2      | HP: 1/24 [worm (8)]
  1789 | D:2      | Reached XP level 4. HP: 29/29 MP: 4/4
  1936 | D:2      | HP: 1/29 [gnoll/+0 halberd (3)]
  2486 | D:3      | Reached XP level 5. HP: 30/33 MP: 5/5
  2586 | D:3      | Found Qihosod's Weapon Shop.
  2754 | D:3      | Found a glowing golden altar of the Shining One.
  2861 | D:3      | Found a glowing silver altar of Zin.
  3079 | D:3      | Found an opulent altar of Gozag.
  3567 | D:4      | Noticed an ogre
  3590 | D:3      | Reached skill level 1 in Evocations
  3855 | D:4      | Mangled by an ogre

Illustrated notes

Levels and vault maps discovered:
D:1:      dpeg_arrival_windows_large_door, layout_rooms,
          corexii_item_surrounded_by_moat
D:2:      layout_basic, shapermc_ecumenical_altar_totnotflames,
          roderic_cross_of_infinity, minmay_mini_jars
D:3:      layout_basic, lemuel_doored_altar, zin_treasury,
          amcnicky_altar_gilded, serial_shops, nicolae_shop_stone,
          minmay_quadrilaterals
D:4:      layout_rooms, nicolae_uskayaw_dance_hall,
          minmay_temple_entry_proselytizer, chequers_serial_rivers_micro_e,
          nrook_mini_backslash, hex_medium, uniq_edmund, uniq_menkaure

Skill      XL: |  1  2  3  4  5 |
---------------+----------------+-----
Axes           | 2 3 |  3.8
Shields        | 4 |  4.0
Fighting       | 4 |  4.1
Armour         | 4 |  4.1
Evocations     | 1 |  1.0
Dodging        | |  0.4

Action                   |  1- 3 |  4- 6 || total
-------------------------+-------+-------++-------
Melee: War axe           |   126 |   141 ||   267
  Use: Scroll            |     7 |     7 ||    14
       Potion            |     1 |     1 ||     2
Armor: Scale mail        |    78 |    86 ||   164
Dodge: Dodged            |    77 |    83 ||   160
Block: Buckler           |    32 |    52 ||    84

Table legend: (Time is in decaauts)
 A = Elapsed time spent in this place.
 B = Non-inter-level travel time spent in this place.
 C = Inter-level travel time spent in this place.
 D = Time resting spent in this place.
 E = Time spent auto-exploring this place.
 F = Levels seen in this place.
 G = Mean time per level.
                   A        B        C        D        E       F      G
               +--------+--------+--------+--------+--------+-----+--------+
         Total |   3966 |   3887 |     79 |   1060 |   2105 |   4 |  991.5 |
       Dungeon |   3966 |   3887 |     79 |   1060 |   2105 |   4 |  991.5 |
               +--------+--------+--------+--------+--------+-----+--------+

Top non-repeatable levels by time:
     D:2: 1481 daAuts
     D:3: 1354 daAuts
     D:1: 937 daAuts
     D:4: 192 daAuts
